[Event "December 19 Early 2023"]
[Site "https://www.chess.com"]
[Date "2023.12.19"]
[Round "9"]
[White "Timerkhanov, Alexander"]
[Black "Jones, Gawain C B"]
[Result "0-1"]
[Board "30"]
[TimeControl "180+1"]
[WhiteFideId "24177938"]
[BlackFideId "409561"]
[WhiteElo "2278"]
[BlackElo "2645"]
[WhiteTeam "RUS"]
[BlackTeam "ENG"]
[WhiteClock "0:01:43"]
[BlackClock "0:01:43"]

1. d4 Nf6 2. Bg5 g6 3. Bxf6 exf6 4. e3 d5 5. g3 h5 6. h4 Bd6 7. Bg2 c6 8. Ne2 O-O 9. Nd2 Be6 10. O-O Nd7 11. Nf4 Bxf4 12. exf4 Qb6 13. Nb3 a5 14. a4 Bg4 15. Qd2 Rfe8 16. Rfe1 Bf5 17. Qc3 Nf8 18. Rac1 Ne6 19. Bf1 Be4 20. Bd3 Bxd3 21. Qxd3 Qb4 22. f5 Nf8 23. fxg6 Rxe1+ 0-1

[Event "December 19 Early 2023"]
[Site "https://www.chess.com"]
[Date "2023.12.19"]
[Round "9"]
[White "Manukyan, Sargis A."]
[Black "Jumabayev, Rinat"]
[Result "1-0"]
[Board "31"]
[TimeControl "180+1"]
[WhiteFideId "13303970"]
[BlackFideId "13702661"]
[WhiteElo "2186"]
[BlackElo "2561"]
[WhiteTeam "ARM"]
[BlackTeam "KAZ"]
[WhiteClock "0:00:57"]
[BlackClock "0:00:14"]

1. d4 Nf6 2. c4 e6 3. Nc3 Bb4 4. e3 O-O 5. a3 Bxc3+ 6. bxc3 c5 7. Bd3 Nc6 8. Ne2 b6 9. O-O Ba6 10. e4 Ne8 11. f4 f5 12. exf5 exf5 13. dxc5 bxc5 14. Be3 d6 15. Ng3 Qd7 16. Re1 Rd8 17. Rb1 Na5 18. Bf2 Kh8 19. Bxf5 Rxf5 20. Nxf5 Qxf5 21. Qa4 Qc8 22. Qxa5 Bxc4 23. Bh4 Rd7 24. Qa4 d5 25. Rb8 Qxb8 26. Qxd7 Bb5 27. Qf7 h6 28. Qf8+ Kh7 29. Re7 Qb6 30. Qf5+ Kh8 31. Rf7 1-0

[Event "December 19 Early 2023"]
[Site "https://www.chess.com"]
[Date "2023.12.19"]
[Round "9"]
[White "Harutjunyan, Gevorg"]
[Black "Vlassov, Nikolai"]
[Result "1-0"]
[Board "32"]
[TimeControl "180+1"]
[WhiteFideId "13300873"]
[BlackFideId "4103360"]
[WhiteElo "2436"]
[BlackElo "2351"]
[WhiteTeam "ARM"]
[BlackTeam "FID"]
[WhiteClock "0:00:13"]
[BlackClock "0:00:17"]

1. e4 Nc6 2. Nf3 d5 3. exd5 Qxd5 4. Nc3 Qa5 5. Bb5 Bd7 6. d4 a6 7. Bc4 O-O-O 8. d5 Bg4 9. h3 Bxf3 10. Qxf3 Nb4 11. O-O Nf6 12. Bd2 Nbxd5 13. Nxd5 Qxd2 14. Rad1 Qg5 15. Nb6+ cxb6 16. Rxd8+ Kxd8 17. Qxb7 Qd2 18. Qxb6+ Kd7 19. Qb7+ Kd8 20. Bxa6 e6 21. Qb6+ Ke7 22. c4 Nd7 23. Qb7 Kf6 24. Qf3+ Ke7 25. Rd1 Qa5 26. Qc6 Ne5 27. Qd6+ Kf6 28. Qd8+ Kg6 29. Qxa5 1-0

[Event "December 19 Early 2023"]
[Site "https://www.chess.com"]
[Date "2023.12.19"]
[Round "9"]
[White "Materia, Marco"]
[Black "Ozates, Tuna"]
[Result "0-1"]
[Board "33"]
[TimeControl "180+1"]
[WhiteFideId "45150451"]
[BlackFideId "6354521"]
[WhiteElo "2451"]
[BlackElo "2151"]
[WhiteTeam "FRA"]
[BlackTeam "TUR"]
[WhiteClock "0:00:18"]
[BlackClock "0:00:15"]

1. d4 Nf6 2. Nf3 b6 3. c4 e6 4. Nc3 Bb7 5. g3 d5 6. Bg2 dxc4 7. Qa4+ Nbd7 8. Qxc4 c5 9. O-O Rc8 10. Rd1 cxd4 11. Qxd4 Bc5 12. Qh4 Qe7 13. Bg5 h6 14. Rac1 O-O 15. Rxd7 Qxd7 16. Bxf6 gxf6 17. Qxf6 Bxf3 18. Qxf3 f5 19. e3 Bb4 20. Rd1 Qg7 21. Ne2 Rfd8 22. Rf1 Qxb2 23. Nf4 Qf6 24. Qb7 Qf7 25. Qa6 Bd6 26. Ne2 Be5 27. Qa4 Rd2 28. Bf3 Rcc2 29. Nf4 Rxa2 30. Qc6 Bxf4 31. gxf4 Qg6+ 32. Kh1 Rxf2 33. Qa8+ Kh7 34. Qb7+ Qg7 35. Rxf2 Qxb7 0-1

[Event "December 19 Early 2023"]
[Site "https://www.chess.com"]
[Date "2023.12.19"]
[Round "9"]
[White "Martinez Reyes, Pedro Ramon"]
[Black "Finek, Vaclav"]
[Result "0-1"]
[Board "34"]
[TimeControl "180+1"]
[WhiteFideId "3901807"]
[BlackFideId "23718293"]
[WhiteElo "2327"]
[BlackElo "2309"]
[WhiteTeam "VEN"]
[BlackTeam "CZE"]
[WhiteClock "0:00:36"]
[BlackClock "0:01:22"]

1. Nf3 d5 2. g3 Nf6 3. Bg2 g6 4. O-O Bg7 5. d3 O-O 6. Nbd2 c5 7. e4 Nc6 8. Re1 e5 9. exd5 Nxd5 10. c3 Re8 11. Nc4 Nb6 12. Nfd2 Nxc4 13. Nxc4 Bf5 14. Be4 Be6 15. Be3 Bf8 16. Bxc6 bxc6 17. Nxe5 Qd5 18. Bf4 Bh3 19. f3 Bg7 20. Ng4 Rxe1+ 21. Qxe1 Qxf3 22. Ne3 Rd8 23. Rd1 Re8 24. Qd2 h6 25. Re1 g5 26. Bd6 Rxe3 0-1

[Event "December 19 Early 2023"]
[Site "https://www.chess.com"]
[Date "2023.12.19"]
[Round "9"]
[White "Buksa, Nataliya"]
[Black "Alexandre, Anne Shopie Elizabeth"]
[Result "0-1"]
[Board "35"]
[TimeControl "180+1"]
[WhiteFideId "14123622"]
[BlackFideId "11902418"]
[WhiteElo "2316"]
[BlackElo "2840"]
[WhiteTeam "UKR"]
[BlackTeam "HAI"]
[WhiteClock "0:00:00"]
[BlackClock "0:00:04"]

1. e4 c5 2. c3 d5 3. exd5 Qxd5 4. d4 g6 5. Nf3 Bg7 6. Nbd2 cxd4 7. Bc4 Qd8 8. Nb3 Nc6 9. Nbxd4 Nxd4 10. Nxd4 Nf6 11. O-O O-O 12. h3 Ne4 13. Be3 Nd6 14. Bb3 e5 15. Nf3 b6 16. Nxe5 Bxe5 17. Qd5 Qf6 18. Qxa8 Bxh3 19. Qd5 Be6 20. Qf3 Bf5 21. Rad1 Qh4 22. g3 Qh3 23. Qh1 Qg4 24. Bd5 Bxg3 25. Bf3 Bxf2+ 26. Kxf2 Ne4+ 27. Bxe4 Bxe4 28. Qg1 Qe6 29. Qg5 f6 30. Qf4 g5 31. Qg3 Re8 32. Kg1 Bb7 33. Rde1 Qc6 34. Qh3 Re4 35. Kf2 Rh4 36. Qg3 Qd7 37. Bxg5 Rg4 38. Re7 Qf5+ 39. Bf4 Kf8 40. Qe3 Rxf4+ 41. Ke2 Ba6+ 0-1

[Event "December 19 Early 2023"]
[Site "https://www.chess.com"]
[Date "2023.12.19"]
[Round "9"]
[White "Haug, Havard"]
[Black "Pak, Yevgeniy"]
[Result "0-1"]
[Board "36"]
[TimeControl "180+1"]
[WhiteFideId "1547887"]
[BlackFideId "14201712"]
[WhiteElo "2343"]
[BlackElo "2320"]
[WhiteTeam "NOR"]
[BlackTeam "KAZ"]
[WhiteClock "0:00:42"]
[BlackClock "0:01:36"]

1. e4 e6 2. d4 d5 3. e5 c5 4. c3 Nc6 5. Nf3 Bd7 6. Be2 cxd4 7. cxd4 f6 8. O-O fxe5 9. Nxe5 Bd6 10. Bf4 Qf6 11. Qd2 Nxe5 12. dxe5 Bxe5 13. Bxe5 Qxe5 14. Bf3 Ne7 15. Re1 Qf6 16. Qb4 O-O 17. Qxb7 Rad8 18. Nc3 Nf5 19. Qxa7 Nh4 20. Be2 Bc6 21. g3 d4 22. Qb6 Qxf2# 0-1

[Event "December 19 Early 2023"]
[Site "https://www.chess.com"]
[Date "2023.12.19"]
[Round "9"]
[White "Caruana, Fabiano"]
[Black "Asish Panda"]
[Result "1-0"]
[Board "37"]
[TimeControl "180+1"]
[WhiteFideId "2020009"]
[BlackFideId "45012458"]
[WhiteElo "2815"]
[BlackElo "1767"]
[WhiteTeam "USA"]
[BlackTeam "IND"]
[WhiteClock "0:00:03"]
[BlackClock "0:00:00"]

1. e3 d5 2. b3 Nf6 3. Bb2 e6 4. Nf3 Be7 5. c4 O-O 6. Be2 c5 7. O-O Nc6 8. cxd5 Nxd5 9. Nc3 Bf6 10. Rc1 Ndb4 11. a3 Nd3 12. Bxd3 Qxd3 13. Na4 b6 14. Bxf6 gxf6 15. Nb2 Qd7 16. d3 Ba6 17. Qc2 Rad8 18. Rfd1 Ne5 19. Nxe5 fxe5 20. Nc4 Bxc4 21. bxc4 Qe7 22. a4 Rd6 23. a5 Rfd8 24. axb6 axb6 25. h3 Qd7 26. Rb1 Rxd3 27. Rxd3 Qxd3 28. Qb2 Qxc4 29. Qxe5 Qd5 30. Qf6 Qd6 31. e4 e5 32. Rxb6 Qxf6 33. Rxf6 Rc8 34. Kf1 c4 35. Ke2 Kg7 36. Rf3 f6 37. Kd2 Rd8+ 38. Kc3 Rd4 39. Re3 h5 40. h4 Kf7 41. Re2 Ke6 42. f3 Kd6 43. Ra2 Kc5 44. Ra5+ Kb6 45. Ra8 Kc5 46. Rc8+ Kb5 47. Rf8 Rd3+ 48. Kc2 Re3 49. Rxf6 Re2+ 50. Kc3 Re3+ 51. Kd2 Ra3 52. Re6 Ra2+ 53. Kc3 Ra3+ 54. Kb2 Re3 55. Kc2 Kb4 56. Rxe5 Re2+ 57. Kd1 Rxg2 58. Rxh5 Kc3 59. Rd5 Kb3 60. Rb5+ Kc3 61. e5 Kd3 62. Rd5+ Ke3 63. e6 c3 64. e7 Rg8 65. Rd8 1-0

[Event "December 19 Early 2023"]
[Site "https://www.chess.com"]
[Date "2023.12.19"]
[Round "9"]
[White "Zhigalko, Sergei"]
[Black "Domingo Nunez, Alejandro"]
[Result "1-0"]
[Board "38"]
[TimeControl "180+1"]
[WhiteFideId "13502956"]
[BlackFideId "22245561"]
[WhiteElo "2616"]
[BlackElo "2252"]
[WhiteTeam "BLR"]
[BlackTeam "ESP"]
[WhiteClock "0:02:02"]
[BlackClock "0:02:27"]

1. e4 g6 2. d4 Bg7 3. Nc3 c6 4. Nf3 d5 5. Bd3 dxe4 6. Nxe4 Nf6 7. O-O O-O 8. Re1 Nbd7 9. c3 a5 10. Bg5 Nb6 11. Qd2 Bg4 12. Ne5 Be6 13. Bh6 Nbd7 14. Bxg7 Kxg7 15. Ng5 Bf5 16. Bxf5 gxf5 17. Nexf7 Qe8 18. Nd6 Qg6 19. Rxe7+ Kh8 20. Ngf7+ Kg8 21. Nh6+ Kh8 22. Ndf7+ Kg7 23. Ne5+ Kh8 24. Nxg6+ hxg6 25. Qg5 1-0

[Event "December 19 Early 2023"]
[Site "https://www.chess.com"]
[Date "2023.12.19"]
[Round "9"]
[White "Golubev, Mikhail"]
[Black "Tari, Aryan"]
[Result "0-1"]
[Board "39"]
[TimeControl "180+1"]
[WhiteFideId "14100983"]
[BlackFideId "1510045"]
[WhiteElo "2352"]
[BlackElo "2577"]
[WhiteTeam "UKR"]
[BlackTeam "NOR"]
[WhiteClock "0:00:00"]
[BlackClock "0:00:19"]

1. e4 e5 2. Nf3 Nc6 3. Bc4 Nf6 4. Ng5 d5 5. exd5 Na5 6. Bb5+ c6 7. dxc6 bxc6 8. Bd3 Nd5 9. Nf3 Bd6 10. O-O Nf4 11. Re1 Nxd3 12. cxd3 O-O 13. Nc3 c5 14. b3 Re8 15. Ne4 Bf8 16. Ba3 Nb7 17. Rc1 Qa5 18. Bb2 f6 19. d4 cxd4 20. Nxd4 Bd7 21. Nc6 Qa6 22. Qf3 Rac8 23. Nb8 Rxb8 24. Rc7 Red8 25. Bxe5 fxe5 26. Ng5 Be8 0-1

[Event "December 19 Early 2023"]
[Site "https://www.chess.com"]
[Date "2023.12.19"]
[Round "9"]
[White "Livaic, Leon"]
[Black "Jakubowski, Krzysztof"]
[Result "0-1"]
[Board "40"]
[TimeControl "180+1"]
[WhiteFideId "14531534"]
[BlackFideId "1112848"]
[WhiteElo "2541"]
[BlackElo "2369"]
[WhiteTeam "CRO"]
[BlackTeam "POL"]
[WhiteClock "0:00:00"]
[BlackClock "0:00:04"]

1. d4 Nf6 2. c4 e6 3. Nf3 b6 4. Bf4 Bb7 5. e3 Bb4+ 6. Nfd2 O-O 7. a3 Bxd2+ 8. Qxd2 d5 9. cxd5 Nxd5 10. Bg3 Nd7 11. Nc3 c5 12. Bd6 Re8 13. dxc5 Nxc5 14. Bxc5 bxc5 15. Bb5 Re7 16. O-O Qb6 17. Be2 Rd8 18. Qc2 Nxc3 19. Qxc3 Red7 20. Rfd1 Qc6 21. f3 h5 22. h4 Ba6 23. Rxd7 Rxd7 24. Bxa6 Qxa6 25. Qxc5 Rd5 26. Qc2 Qd6 27. Rc1 Rd2 28. Qe4 g6 29. b4 Qg3 30. f4 Qf2+ 31. Kh1 Qxh4+ 32. Kg1 Qf2+ 33. Kh1 h4 34. Qf3 Qxf3 35. gxf3 Rd3 36. a4 Rb3 37. b5 Rb4 38. Ra1 Kg7 39. Kg2 Kf6 40. Kh3 g5 41. fxg5+ Kxg5 42. Rg1+ Kf5 43. Rg4 Rb3 44. Re4 e5 45. Kxh4 Ke6 46. f4 f6 47. Kg3 Kd5 48. Kf3 Ra3 49. f5 Ra1 50. Rh4 Rf1+ 51. Ke2 Ra1 52. Kd3 e4+ 53. Kd2 Rxa4 54. Rh7 Ra5 55. Rb7 Ke5 56. Kc3 Kxf5 57. Kd4 Ra4+ 58. Kd5 Kg4 59. Ke6 Kf3 60. Kxf6 Kxe3 61. Ke5 Ke2 62. b6 axb6 63. Rxb6 e3 64. Rb4 Rxb4 0-1

[Event "December 19 Early 2023"]
[Site "https://www.chess.com"]
[Date "2023.12.19"]
[Round "9"]
[White "Parpiev, Isaak"]
[Black "Hong, Andrew"]
[Result "0-1"]
[Board "41"]
[TimeControl "180+1"]
[WhiteFideId "34281576"]
[BlackFideId "2099438"]
[WhiteElo "2183"]
[BlackElo "2460"]
[WhiteTeam "RUS"]
[BlackTeam "USA"]
[WhiteClock "0:00:11"]
[BlackClock "0:01:43"]

1. e4 c6 2. d4 d5 3. e5 a6 4. Nc3 Bf5 5. g4 Bg6 6. h4 h5 7. e6 Nf6 8. g5 Ne4 9. Bf4 Qc8 10. Bh3 fxe6 11. Nf3 Bf5 12. Ne5 Nd7 13. Nxe4 Nxe5 14. Ng3 Ng6 15. Bxf5 exf5 16. Bd2 e5 17. dxe5 f4 18. Nxh5 Qf5 19. Qf3 Bc5 20. O-O-O O-O 21. Rde1 Rae8 22. Qc3 Bxf2 23. Ref1 Ba7 24. Nxf4 Nxe5 25. Re1 Nc4 26. Nh5 Qf7 27. g6 Qxg6 28. Reg1 Bxg1 0-1

[Event "December 19 Early 2023"]
[Site "https://www.chess.com"]
[Date "2023.12.19"]
[Round "9"]
[White "Sipila, Vilka"]
[Black "Dragun, Kamil"]
[Result "1-0"]
[Board "42"]
[TimeControl "180+1"]
[WhiteFideId "505455"]
[BlackFideId "1134167"]
[WhiteElo "2343"]
[BlackElo "2551"]
[WhiteTeam "FIN"]
[BlackTeam "POL"]
[WhiteClock "0:01:11"]
[BlackClock "0:00:18"]

1. e4 e5 2. Nf3 Nc6 3. Bb5 a6 4. Ba4 Nf6 5. O-O Be7 6. Re1 b5 7. Bb3 O-O 8. d4 Nxd4 9. Nxd4 exd4 10. e5 Ne8 11. c3 c5 12. cxd4 c4 13. Bc2 d5 14. Nc3 Nc7 15. Qh5 g6 16. Qh6 b4 17. Ne2 a5 18. f4 Ra6 19. f5 Bxf5 20. Bxf5 gxf5 21. Qh5 Rg6 22. Rf1 Qd7 23. Ng3 f6 24. Nxf5 fxe5 25. dxe5 Bc5+ 26. Kh1 Ne6 27. Bh6 Rf7 28. Nh4 Ng7 29. Bxg7 Rgxg7 30. Nf5 Rg6 31. Nh6+ Rxh6 32. Qxh6 Bf8 33. Qb6 d4 34. e6 Rxf1+ 35. Rxf1 Qd6 36. Qxa5 h6 37. Qf5 1-0

[Event "December 19 Early 2023"]
[Site "https://www.chess.com"]
[Date "2023.12.19"]
[Round "9"]
[White "Al-Tarboush, Ward"]
[Black "Dyachuk, Artem"]
[Result "1-0"]
[Board "43"]
[TimeControl "180+1"]
[WhiteFideId "7601450"]
[BlackFideId "34107924"]
[WhiteElo "2278"]
[BlackElo "2244"]
[WhiteTeam "NOR"]
[BlackTeam "UKR"]
[WhiteClock "0:00:46"]
[BlackClock "0:00:00"]

1. e4 e5 2. Nf3 Nc6 3. Bb5 a6 4. Ba4 Nf6 5. O-O Bc5 6. c3 b5 7. Bb3 d6 8. a4 Bg4 9. axb5 axb5 10. Rxa8 Qxa8 11. h3 Bh5 12. d3 O-O 13. Bg5 Nd7 14. Bd5 Nb6 15. b4 Bxb4 16. Bxc6 Qxc6 17. cxb4 f5 18. Nbd2 fxe4 19. dxe4 Bxf3 20. Nxf3 Qxe4 21. Qb3+ Nc4 22. Re1 Qg6 23. Bh4 h6 24. Bg3 Ra8 25. Nh4 Qf7 26. Qd3 Ra4 27. Qb1 Nb6 28. Kh2 Nd5 29. Nf5 Rxb4 30. Qd3 Rc4 31. Qxd5 Qxd5 32. Ne7+ Kf7 33. Nxd5 c6 34. Nb6 Rc2 35. f4 Ke6 36. fxe5 d5 37. Na8 b4 38. Nc7+ Ke7 39. Rb1 d4 40. Rxb4 d3 41. Rd4 d2 42. e6 Kf6 43. Rd7 c5 44. e7 1-0

[Event "December 19 Early 2023"]
[Site "https://www.chess.com"]
[Date "2023.12.19"]
[Round "9"]
[White "Suyarov, Mukhammadzokhid"]
[Black "Sadykov, Ramil"]
[Result "1/2-1/2"]
[Board "44"]
[TimeControl "180+1"]
[WhiteFideId "14210495"]
[BlackFideId "24113590"]
[WhiteElo "2449"]
[BlackElo "2245"]
[WhiteTeam "UZB"]
[BlackTeam "FID"]
[WhiteClock "0:00:16"]
[BlackClock "0:00:09"]

1. d4 d5 2. c4 e6 3. Nc3 Be7 4. Nf3 Nf6 5. e3 O-O 6. Qc2 dxc4 7. Bxc4 c5 8. dxc5 Bxc5 9. a3 a6 10. b4 Be7 11. O-O b5 12. Bd3 Bb7 13. Ng5 h6 14. Nh7 Nxh7 15. Bxh7+ Kh8 16. Bd3 Nd7 17. Bb2 Ne5 18. Be4 Bxe4 19. Nxe4 Rc8 20. Qe2 Qd3 21. Qh5 Qxe4 22. Bxe5 f6 23. Bd4 e5 24. Bb6 Rc6 25. Ba5 Bd8 26. Bxd8 Rxd8 27. Rad1 Rcd6 28. Rxd6 Rxd6 29. Qf7 Kh7 30. h3 Qc4 31. Qxc4 bxc4 32. Rc1 Rd3 33. a4 Ra3 34. a5 c3 35. Kf1 Rb3 36. Ke2 Rxb4 37. Rxc3 Rb2+ 38. Kf3 Ra2 39. Rc5 Kg6 40. e4 h5 41. Kg3 Kg5 42. h4+ Kg6 43. f3 Kf7 44. Kh3 Kg6 45. g4 Ra3 46. Kg3 hxg4 47. Kxg4 Kh6 48. h5 g6 49. hxg6 Kxg6 50. Rd5 Ra4 51. Rc5 Ra3 52. Kg3 Kg5 53. Rd5 Ra4 54. Rc5 Ra3 55. Rd5 Ra4 56. Rd8 Rxa5 57. Rg8+ Kh6 58. Kg4 Kh7 59. Ra8 Kg6 60. Rg8+ Kf7 61. Rb8 Kg6 62. Rg8+ Kf7 63. Rb8 Kg6 64. Rg8+ 1/2-1/2

[Event "December 19 Early 2023"]
[Site "https://www.chess.com"]
[Date "2023.12.19"]
[Round "9"]
[White "Matinian, Nikita"]
[Black "Saravana, Krishnan P."]
[Result "0-1"]
[Board "45"]
[TimeControl "180+1"]
[WhiteFideId "24129100"]
[BlackFideId "5018382"]
[WhiteElo "2417"]
[BlackElo "2167"]
[WhiteTeam "FID"]
[BlackTeam "IND"]
[WhiteClock "0:00:42"]
[BlackClock "0:02:03"]

1. e4 c6 2. Nc3 d5 3. Nf3 dxe4 4. Nxe4 Nf6 5. Qe2 Nxe4 6. Qxe4 Be6 7. c4 g6 8. d4 Bg7 9. Be2 O-O 10. O-O Nd7 11. Rd1 Qb6 12. Qh4 Nf6 13. b3 Bg4 14. Bh6 Bxf3 15. Bxf3 Rfd8 16. Bxg7 Kxg7 17. Qf4 Rd7 18. Rd2 Rad8 19. Rad1 Qa5 20. Qe3 e6 21. h4 h5 22. g3 Qf5 23. Kg2 a5 24. a3 a4 25. b4 Ng4 26. Bxg4 hxg4 27. f4 b5 28. Rc1 bxc4 29. Rxc4 Qd5+ 0-1

[Event "December 19 Early 2023"]
[Site "https://www.chess.com"]
[Date "2023.12.19"]
[Round "9"]
[White "Kozak, Antoni"]
[Black "Manukian, Artak"]
[Result "0-1"]
[Board "46"]
[TimeControl "180+1"]
[WhiteFideId "21832030"]
[BlackFideId "13301373"]
[WhiteElo "2470"]
[BlackElo "2030"]
[WhiteTeam "POL"]
[BlackTeam "ARM"]
[WhiteClock "0:00:19"]
[BlackClock "0:00:20"]

1. d4 d5 2. Nf3 Nf6 3. Bg5 Ne4 4. Bf4 Bf5 5. e3 e6 6. Bd3 c5 7. O-O Qb6 8. Nc3 Nc6 9. Nh4 g5 10. Nxf5 gxf4 11. Nh4 Nxc3 12. bxc3 O-O-O 13. Qh5 Qc7 14. Rab1 c4 15. Be2 Bd6 16. exf4 Bxf4 17. g3 Bd2 18. Qf3 f5 19. Rfd1 Bg5 20. Ng2 h5 21. h4 Bh6 22. Kh2 Rdf8 23. Nf4 Bxf4 24. Qxf4 Qxf4 25. gxf4 Rhg8 26. Rg1 Ne7 27. Rg5 Rxg5 28. hxg5 Ng6 29. Kg3 h4+ 30. Kf3 b6 31. Rh1 Rh8 32. Rh3 Kd7 33. Ke3 Ke7 34. Bf3 Kd6 35. Bg2 Kc6 36. Rh1 Kb5 37. a4+ Ka5 38. Bh3 Rh7 39. Rb1 Kxa4 40. Ra1+ Kb5 41. Rb1+ Kc6 42. Ra1 a5 43. Kf3 Kb7 44. Ra2 Ka6 45. Ra1 b5 46. Ra2 a4 47. Ra1 Ka5 48. Ke3 b4 49. cxb4+ Kxb4 50. Rb1+ Kc3 51. Ra1 Ra7 52. Bf1 a3 53. Be2 Kb2 54. Rh1 a2 55. Bh5 Rg7 56. Bxg6 Rxg6 57. Kf3 a1=Q 58. Rxa1 Kxa1 59. Kg2 Kb2 60. Kh3 Kxc2 61. Kxh4 Kd3 62. Kh5 Rg8 63. Kh6 Kxd4 64. Kh7 Rc8 65. g6 c3 66. g7 c2 67. g8=Q Rxg8 0-1

[Event "December 19 Early 2023"]
[Site "https://www.chess.com"]
[Date "2023.12.19"]
[Round "9"]
[White "Bettalli, Francesco"]
[Black "Postny, Evgeny"]
[Result "0-1"]
[Board "47"]
[TimeControl "180+1"]
[WhiteFideId "2816453"]
[BlackFideId "2804344"]
[WhiteElo "2226"]
[BlackElo "2505"]
[WhiteTeam "ITA"]
[BlackTeam "ISR"]
[WhiteClock "0:00:03"]
[BlackClock "0:00:13"]

1. e4 c5 2. Nc3 g6 3. Bc4 Bg7 4. h4 h6 5. h5 g5 6. Qf3 e6 7. d3 Nc6 8. Qg3 Nd4 9. Bb3 Ne7 10. Nge2 Qa5 11. O-O Nxb3 12. cxb3 Rg8 13. Qd6 Qb6 14. Qg3 e5 15. Be3 d6 16. Rac1 f5 17. exf5 Bxf5 18. Ne4 Qa6 19. Rfd1 Bxe4 20. dxe4 Qxe2 21. Rxd6 b6 22. b4 Qxh5 23. bxc5 Rc8 24. c6 Rf8 25. c7 Kf7 26. f3 Qh4 27. Qxh4 gxh4 28. Bxh6 Bxh6 29. Rxh6 Ng6 30. Rh7+ Kf6 31. Rd7 Rf7 32. Rc6+ Kg7 33. Rdd6 Nf4 34. Rh6 Rcxc7 35. Rxc7 Rxc7 36. Rxh4 Rc1+ 37. Kh2 Rc2 38. Rg4+ Kf6 39. Kg1 Rxb2 40. g3 Nh3+ 41. Kh1 Nf2+ 0-1

[Event "December 19 Early 2023"]
[Site "https://www.chess.com"]
[Date "2023.12.19"]
[Round "9"]
[White "Novikov, Evgenij"]
[Black "Starozhilov, Leonid"]
[Result "0-1"]
[Board "48"]
[TimeControl "180+1"]
[WhiteFideId "4125380"]
[BlackFideId "14106752"]
[WhiteElo "2242"]
[BlackElo "2246"]
[WhiteTeam "RUS"]
[BlackTeam "UKR"]
[WhiteClock "0:00:00"]
[BlackClock "0:00:04"]

1. d4 Nf6 2. Nf3 g6 3. g3 Bg7 4. Bg2 O-O 5. O-O d6 6. c4 c6 7. Nc3 Bf5 8. Nh4 Be6 9. d5 cxd5 10. cxd5 Bd7 11. Be3 a5 12. Na4 Ra6 13. Qb3 b5 14. Nc3 Ng4 15. Bd2 a4 16. Qb4 Ra8 17. Rad1 Na6 18. Qf4 Ne5 19. Bc1 Nc5 20. Nf3 Nxf3+ 21. Qxf3 Qa5 22. Bd2 Qb6 23. Bc1 Rfc8 24. Ne4 Bf5 25. Nxc5 Qxc5 26. g4 Bd7 27. h4 Qc4 28. e4 Qxa2 29. h5 Qb3 30. Rd3 Qc2 31. Rd2 Qc4 32. Re2 b4 33. Bg5 Re8 34. h6 Be5 35. Bf4 Bh8 36. e5 dxe5 37. Rxe5 Bxe5 38. Bxe5 Qxg4 39. Qe3 f6 40. Bd4 Qg5 41. f4 Qf5 42. Be4 Qg4+ 43. Bg2 a3 44. bxa3 bxa3 45. Qb3 Kf8 46. d6 Qe6 0-1

[Event "December 19 Early 2023"]
[Site "https://www.chess.com"]
[Date "2023.12.19"]
[Round "9"]
[White "Adla, Diego"]
[Black "Kvaloy, Aksel Bu"]
[Result "1/2-1/2"]
[Board "49"]
[TimeControl "180+1"]
[WhiteFideId "100072"]
[BlackFideId "1528815"]
[WhiteElo "2377"]
[BlackElo "2265"]
[WhiteTeam "ARG"]
[BlackTeam "NOR"]
[WhiteClock "0:00:15"]
[BlackClock "0:00:08"]

1. e4 e5 2. Nf3 Nf6 3. Nc3 Nc6 4. Be2 d5 5. exd5 Nxd5 6. O-O Be7 7. d4 exd4 8. Nxd4 Nxc3 9. bxc3 Bd7 10. Rb1 Rb8 11. Bf3 O-O 12. Bf4 Bf6 13. h3 Nxd4 14. cxd4 b6 15. Re1 Bf5 16. Be5 Rc8 17. Rb3 Re8 18. Rbe3 Bxe5 19. Rxe5 Rxe5 20. Rxe5 Bg6 21. c3 h6 22. Qa4 a5 23. Qc6 Qd6 24. Qxd6 cxd6 25. Rb5 Rxc3 26. Rxb6 Ra3 27. Bd5 Rd3 28. Rxd6 Rd1+ 29. Kh2 Rd2 30. Rxg6 Rxd4 31. Rd6 Kf8 32. Rd7 Ke8 33. Rxf7 Rxd5 34. Rxg7 Rd2 35. Rh7 Rxf2 36. Rxh6 Rxa2 37. Ra6 a4 38. h4 Kf7 39. Kh3 a3 40. g3 Ra1 41. Kg4 a2 42. h5 Kg7 43. Ra3 Kh7 44. Ra7+ Kh6 45. Ra6+ Kh7 46. Kg5 Rg1 47. Ra7+ Kh8 48. Rxa2 Rxg3+ 49. Kh6 Rg8 50. Ra7 Rc8 51. Ra6 Kg8 52. Kg6 Kh8 53. h6 Rg8+ 54. Kh5 Rb8 55. Ra5 Rc8 56. Rg5 Rb8 57. Kg4 Rc8 58. Kh5 Rg8 59. Rf5 Rb8 60. Rg5 Rb1 61. Kg6 Rb6+ 62. Kh5 Kh7 63. Rg7+ Kh8 64. Rg6 Rb5+ 65. Rg5 Rb8 66. Rf5 Kh7 67. Rf7+ Kh8 68. Rf5 Rc8 69. Rg5 1/2-1/2

[Event "December 19 Early 2023"]
[Site "https://www.chess.com"]
[Date "2023.12.19"]
[Round "9"]
[White "Belov, Alexei"]
[Black "Feuerstack, Aljoscha"]
[Result "1-0"]
[Board "50"]
[TimeControl "180+1"]
[WhiteFideId "4128206"]
[BlackFideId "4681932"]
[WhiteElo "2592"]
[BlackElo "2418"]
[WhiteTeam "RUS"]
[BlackTeam "GER"]
[WhiteClock "0:00:57"]
[BlackClock "0:00:10"]

1. e4 c6 2. d4 d5 3. Nd2 a6 4. Ngf3 Bg4 5. c3 dxe4 6. Nxe4 Nf6 7. Nxf6+ exf6 8. Bc4 Bd6 9. O-O O-O 10. Qd3 Nd7 11. Nh4 b5 12. Bb3 Nc5 13. Qc2 Nxb3 14. axb3 g6 15. h3 f5 16. Nxg6 fxg6 17. hxg4 fxg4 18. Qe4 Qd7 19. Bh6 Rae8 20. Qd3 Rf5 21. g3 Rf3 22. Qd2 Bxg3 23. fxg3 Rxg3+ 24. Kh2 Rh3+ 25. Kg1 Rg3+ 26. Kh2 Rh3+ 27. Kg1 Qd5 28. Qg2 Qxg2+ 29. Kxg2 Re2+ 30. Rf2 Rxf2+ 31. Kxf2 Rxh6 32. Kg3 Rh2 33. Kxh2 1-0

[Event "December 19 Early 2023"]
[Site "https://www.chess.com"]
[Date "2023.12.19"]
[Round "9"]
[White "Volkov, Maksim"]
[Black "Toman, Ondrej"]
[Result "1/2-1/2"]
[Board "51"]
[TimeControl "180+1"]
[WhiteFideId "54123070"]
[BlackFideId "344516"]
[WhiteElo "2293"]
[BlackElo "2157"]
[WhiteTeam "RUS"]
[BlackTeam "CZE"]
[WhiteClock "0:00:04"]
[BlackClock "0:00:10"]

1. e4 c6 2. d4 d5 3. exd5 cxd5 4. Bd3 Nc6 5. c3 g6 6. Bf4 Nh6 7. Qd2 Nf5 8. Nf3 Bg7 9. O-O O-O 10. Re1 Re8 11. Na3 a6 12. Nc2 f6 13. Rad1 e5 14. dxe5 fxe5 15. Bg5 Qd6 16. c4 d4 17. b4 h6 18. Bh4 Be6 19. a4 Kh8 20. c5 Qc7 21. Bg3 Bd5 22. Be4 Bxe4 23. Rxe4 Nxg3 24. hxg3 Qd7 25. Nce1 Qd5 26. Rh4 Kg8 27. b5 axb5 28. axb5 Nd8 29. Qc2 Re6 30. Nd3 Rc8 31. Rc1 g5 32. Nb4 Qd7 33. Re4 Qxb5 34. Nd3 b6 35. Rb1 Qa5 36. Qc4 bxc5 37. Ndxe5 Qa6 38. Qd5 Qd6 39. Qb3 c4 40. Nxc4 Qd5 41. Rxe6 Qxe6 42. Ncd2 Qxb3 43. Nxb3 Ne6 44. Re1 Kf7 45. Rd1 Rc3 46. Nbxd4 Bxd4 47. Nxd4 Nxd4 48. Rxd4 Kg6 49. g4 Rc2 50. Rd6+ Kg7 51. Kf1 Rc1+ 52. Ke2 Rc3 53. Rd3 Rc4 54. f3 Ra4 55. Rd2 Rb4 56. Ke3 Ra4 57. g3 Rb4 58. Rd7+ Kg6 59. Rd6+ Kg7 60. Rd4 Rb3+ 61. Ke4 Ra3 62. Rd3 Ra4+ 63. Kf5 Ra5+ 64. Ke6 Ra6+ 65. Ke5 Ra5+ 66. Ke6 Ra6+ 67. Ke5 Ra5+ 68. Rd5 Ra3 69. Rd7+ Kg6 70. Rd6+ Kg7 71. Ke4 Ra4+ 72. Kf5 Ra5+ 73. Ke4 Ra4+ 74. Rd4 Ra3 75. Rc4 Kg6 76. Rc6+ Kg7 77. Rc5 Kg6 78. Rd5 Kg7 79. Rd2 Ra4+ 80. Ke5 Ra5+ 81. Rd5 Ra3 82. Ke4 Ra4+ 83. Rd4 Ra3 1/2-1/2